 Dungeon Crawl Stone Soup version 0.28-a0-1555-g9ae15a6949 (webtiles) character file.

Game seed: 6423086355673365464

172 belegose the Sneak (level 5, -3/37 HPs)
             Began as a Djinni Enchanter on Jan 18, 2022.
             Slain by a gnoll (6 damage)
             ... on level 3 of the Dungeon.
             The game lasted 00:11:52 (4706 turns).

belegose the Sneak (Djinni Enchanter)               Turns: 4706, Time: 00:11:53

Health: -3/37      AC:  5    Str:  9    XL:     5   Next: 82%
Gold:   49         EV: 10    Int: 17    God:
                   SH:  0    Dex: 13

rFire   + + .      SeeInvis .   a - +1 dagger
rCold   . . .      Faith    .   (no shield)
rNeg    . . .      Spirit   .   k - +0 ring mail {rC+}
rPois   ∞          Reflect  .   (no helmet)
rElec   .          Harm     .   (no cloak)
rCorr   .          Rampage  .   (no gloves)
Will    .....                   (boots unavailable)
Stlth   ++........              (no amulet)
HPRegen 0.12/turn               (no ring)
MPRegen 0.00/turn               (no ring)

@: flying, very slightly contaminated
A: sickness immunity, fire resistance 2, cold vulnerability 1, float, innate
caster, hp casting, extra vitality 1
a: no special abilities


You were on level 3 of the Dungeon.
You visited 1 branch of the dungeon, and saw 3 of its levels.

You collected 49 gold pieces.

Inventory:

Hand Weapons
 a - a +1 dagger (weapon)
 b - a +0 hunting sling
Missiles
 e - 85 stones
 p - 19 sling bullets
Armour
 k - a +0 ring mail of cold resistance (worn)
Scrolls
 g - a scroll of enchant weapon {unknown}
 i - a scroll of noise {unknown}
 j - 2 scrolls of identify {unknown}
 l - a scroll of blinking {unknown}
 o - a scroll of torment {unknown}
Potions
 d - a potion of degeneration {unknown}
 f - 2 potions of heal wounds {unknown}
 h - 3 potions of curing {unknown}
 m - a potion of might {unknown}
 n - a potion of haste {unknown}


   Skills:
 - Level 1.5 Fighting
 - Level 1.7 Short Blades
 + Level 2.0 Armour
 - Level 2.4 Dodging
 + Level 3.4 Stealth
 + Level 3.1 Spellcasting


You couldn't memorise any spells.
You knew the following spells:

 Your Spells              Type           Power      Damage    Failure   Level
a - Ensorcelled Hibernat  Hex/Ice        26%        N/A       21%         2
b - Confusing Touch       Hex            13%        N/A       36%         3
c - Tukima's Dance        Hex            13%        N/A       36%         3
d - Dazzling Flash        Conj/Hex       26%        N/A       36%         3
e - Pain                  Necr           52%        1d6       13%         1
f - Corpse Rot            Necr/Air       26%        N/A       21%         2
Your spell library was empty.

Dungeon Overview and Level Annotations

Branches:
Dungeon (3/15)

Altars:

Shops:
D:3 =

Annotations:
D:2 1 runed translucent door, exclusion: door, Crazy Yiuf, Sigmund
D:3 exclusion: upstairs


Innate Abilities, Weirdness & Mutations

You are immune to sickness and miasma.
You are immune to poison.
Your flesh is very heat resistant. (rF++)
You are vulnerable to cold. (rC-)
You float through the air rather than walking.
You learn spells naturally, not from books.
Your magical power is your life essence.
You have superior vitality. (+4 MHP)


Message History

Aim: a gnoll, wielding a +0 halberd (chance to affect: 55%)
The gnoll resists with significant effort.
The gnoll hits you from afar with a +0 halberd.
The gnoll closely misses you.
Unknown command.
Casting: Ensorcelled Hibernation (safe; 21% risk of failure)
Confirm with . or Enter, or press ? or * to list all spells.
Aiming: Ensorcelled Hibernation (safe; 21% risk of failure)
Press: ? - help, Shift-Dir - straight line, f/p - gnoll
Aim: a gnoll, wielding a +0 halberd (chance to affect: 55%)
The gnoll resists with significant effort.
The gnoll hits you with a +0 halberd!
Casting: Ensorcelled Hibernation (safe; 21% risk of failure)
Confirm with . or Enter, or press ? or * to list all spells.
Aiming: Ensorcelled Hibernation (safe; 21% risk of failure)
Press: ? - help, Shift-Dir - straight line, f/p - gnoll
Aim: a gnoll, wielding a +0 halberd (chance to affect: 55%)
The gnoll resists with significant effort.
The gnoll hits you with a +0 halberd.
* * * LOW HITPOINT WARNING * * *
Casting: Ensorcelled Hibernation (safe; 21% risk of failure)
Confirm with . or Enter, or press ? or * to list all spells.
Aiming: Ensorcelled Hibernation (safe; 21% risk of failure)
Press: ? - help, Shift-Dir - straight line, f/p - gnoll
Aim: a gnoll, wielding a +0 halberd (chance to affect: 55%)
The gnoll resists with significant effort.
* * * LOW HITPOINT WARNING * * *
The gnoll hits you with a +0 halberd.
* * * LOW HITPOINT WARNING * * *
Casting: Ensorcelled Hibernation (safe; 21% risk of failure)
Confirm with . or Enter, or press ? or * to list all spells.
Aiming: Ensorcelled Hibernation (safe; 21% risk of failure)
Press: ? - help, Shift-Dir - straight line, f/p - gnoll
Aim: a gnoll, wielding a +0 halberd (chance to affect: 55%)
You miscast Ensorcelled Hibernation.
You are very lightly contaminated with residual magic.
Nothing appears to happen.
* * * LOW HITPOINT WARNING * * *
The gnoll hits you with a +0 halberd.
You die...

##.# #.# #.# #.# #.#
#.# #.# #g# #g#######.#
#.# #.#
#....g....#####.####.#
#.####............g..#
#######.########.######
.......)# #.# ######..#
#g# #..##### #@#
#......# #.# #...<..#
#.# #......# #.#
#......# #.# #....###
#.# #..### #.#
######'#########.#
#............g...#


You could see a gnoll.

Vanquished Creatures
  A scorpion (D:2)
  6 gnolls
  An adder (D:3)
  A worm (D:2)
  5 ball pythons
  5 endoplasms
  3 giant cockroaches
  4 hobgoblins
  A kobold (D:2)
  3 quokkas
  5 bats
  2 frilled lizards
  2 goblins
  5 rats
44 creatures vanquished.

Notes
Turn   | Place    | Note
-------+----------+-------------------------------------------
     0 | D:1      | belegose the Djinni Enchanter began the quest for the Orb.
     0 | D:1      | Reached XP level 1. HP: 15/15 MP: 0/0
   124 | D:1      | Reached skill level 1 in Short Blades
   521 | D:1      | Reached XP level 2. HP: 13/22 MP: 0/0
   812 | D:1      | Found a faded altar of an unknown god.
  1654 | D:2      | Noticed Sigmund
  1953 | D:2      | Reached XP level 3. HP: 23/26 MP: 0/0
  1953 | D:2      | Learned a level 1 spell: Pain
  2204 | D:2      | Found a runed translucent door.
  2205 | D:2      | Noticed Crazy Yiuf
  2273 | D:2      | Noticed a scorpion
  2328 | D:2      | HP: 1/26 [scorpion (5)]
  2329 | D:2      | Killed a scorpion
  2330 | D:2      | Reached skill level 1 in Fighting
  2330 | D:2      | Reached skill level 1 in Armour
  2330 | D:2      | Reached XP level 4. HP: 2/32 MP: 0/0
  3187 | D:3      | Found Qieteug's Jewellery Shoppe.
  3223 | D:3      | Reached XP level 5. HP: 23/37 MP: 0/0
  3223 | D:3      | Learned a level 2 spell: Corpse Rot
  3566 | D:2      | HP: 1/37 [gnoll (1)]
  4706 | D:3      | Slain by a gnoll

Illustrated notes

Levels and vault maps discovered:
D:1:      amcnicky_arrival_abandoned_market, layout_basic,
          shapermc_ecumenical_altar_flowoftime, minivault_19,
          serial_bayou_ford_a
D:2:      layout_rooms, uniq_sigmund, uniq_crazy_yiuf_cottage
D:3:      layout_basic, serial_shops, shop_fountains

Skill      XL: |  1  2  3  4  5 |
---------------+----------------+-----
Short Blades   | 1 |  1.7
Fighting       | 1 |  1.5
Armour         | 1 2 |  2.0
Stealth        | 3 |  3.4
Spellcasting   | 3 |  3.1
Dodging        | |  2.4

Action                   |  1- 3 |  4- 6 || total
-------------------------+-------+-------++-------
Melee: Dagger            |   119 |    74 ||   193
       Punch             |     1 |       ||     1
 Fire: Hunting sling     |     6 |    37 ||    43
 Cast: Ensorcelled Hiber |       |    14 ||    14
  Use: Potion            |     1 |     1 ||     2
 Stab: Sleeping          |     3 |     6 ||     9
       Invisible         |     3 |       ||     3
Armor: Robe              |     6 |       ||     6
       Ring mail         |    25 |    28 ||    53
Dodge: Dodged            |    74 |    38 ||   112

Table legend: (Time is in decaauts)
 A = Elapsed time spent in this place.
 B = Non-inter-level travel time spent in this place.
 C = Inter-level travel time spent in this place.
 D = Time resting spent in this place.
 E = Time spent auto-exploring this place.
 F = Levels seen in this place.
 G = Mean time per level.
                   A        B        C        D        E       F      G
               +--------+--------+--------+--------+--------+-----+--------+
         Total |   4698 |   4414 |    284 |   1577 |   1836 |   3 | 1566.0 |
       Dungeon |   4698 |   4414 |    284 |   1577 |   1836 |   3 | 1566.0 |
               +--------+--------+--------+--------+--------+-----+--------+

Top non-repeatable levels by time:
     D:2: 2160 daAuts
     D:1: 1951 daAuts
     D:3: 587 daAuts
